Map: Catalyst LE

Players

Bly

  • Race: Zerg Zerg
  • Spawn Location: 11:00

TIME (Oliveira) - Winner!

  • Race: Terran Terran
  • Spawn Location: 5:00

Event: WCS Austin 2018

VOD

Have the link to the VOD?

Description

Time

  • Played on: June 1, 2018, 9:38 p.m.
  • Length: 11:38

All games in this series

Show
View Real Time Build Order
Export as new Build Order

Bly Zerg 

Build Orders: Pool First 

Get SALT Encoding   

  12  0:01  Drone  
  13  0:12  Overlord  
  13  0:17  Drone  
  14  0:31  Drone x2  
  16  0:40  Spawning Pool  
  15  0:46  Drone  
  16  0:52  Drone  
  17  1:12  Hatchery  
  17  1:15  Drone  
  17  1:25  Extractor  
  16  1:28  Zergling x6  
  19  1:34  Queen  
  21  1:40  Overlord  
  21  1:49  Drone  
  22  2:00  Drone  
  23  2:09  Queen  
  23  2:14  Drone  
  26  2:22  Drone  
  27  2:27  Drone  
  28  2:32  Spore Crawler  
  26  2:37  Drone  
  26  2:41  Drone x3  
  29  2:44  Spore Crawler  
  29  2:47  Drone x3  
  31  2:52  Queen  
  31  2:55  Drone  
  31  2:57  Drone  
  35  3:11  Metabolic Boost  
  35  3:16  Extractor  
  35  3:19  Spore Crawler  
  33  3:20  Roach Warren  
  33  3:23  Drone x4  
  36  3:30  Overlord  
  39  3:34  Overlord  
  39  3:44  Overlord  
  39  3:46  Hatchery  
  38  3:55  Drone x3  
  40  3:56  Drone  
  40  3:59  Zergling x4  
  40  4:01  Zergling x4  
  40  4:02  Zergling x2  
  47  4:04  Overlord  
  47  4:06  Lair  
  47  4:09  Drone  
  48  4:10  Drone  
  49  4:17  Extractor  
  49  4:19  Roach Warren  
  49  4:21  Drone x2  
  49  4:22  Drone  
  50  4:29  Overlord x2  
  50  4:39  Overlord  
  50  4:42  Extractor  
  50  4:43  Zergling x6, Evolution Chamber  
  50  4:44  Zergling x4  
  53  4:49  Drone  
  53  4:52  Drone  
  55  4:57  Overlord  
  54  5:08  Glial Reconstitution  
  54  5:09  Overlord, Zerg Ground Armor Level 1  
  54  5:10  Overseer  
  53  5:18  Drone  
  53  5:19  Drone x6  
  56  5:28  Roach x3  
  62  5:35  Overlord  
  62  5:39  Drone x4  
  53  5:43  Drone x2  
  53  5:45  Drone  
  53  5:49  Drone  
  51  5:53  Drone  
  52  5:59  Drone x2  
  52  6:02  Drone  
  50  6:06  Drone x2  
  50  6:09  Drone  
  53  6:15  Drone  
  53  6:17  Drone x2  
  56  6:25  Overlord  
  56  6:26  Infestation Pit  
  56  6:29  Drone x3  
  58  6:34  Overlord  
  58  6:42  Roach x3  
  58  6:45  Drone  
  58  6:46  Drone  
  67  6:47  Drone  
  62  6:58  Drone x3  
  62  6:59  Drone x3  
  68  7:04  Infestor  
  68  7:06  Infestor  
  72  7:13  Roach  
  72  7:14  Roach  
  78  7:15  Roach  
  78  7:22  Roach x3, Ravager  
  85  7:23  Ravager x2  
  85  7:31  Roach x4  
  85  7:33  Ravager  
  93  7:42  Roach x3  
  86  7:53  Roach x4  
  78  8:06  Roach x4  
  83  8:20  Queen  
  83  8:23  Hatchery  
  84  8:27  Extractor  
  84  8:33  Hive  
  83  8:46  Drone x3  
  83  8:47  Drone x3  
  89  8:51  Drone  
  92  9:03  Roach x4  
  92  9:06  Swarm Host  
  92  9:07  Roach x2  
  92  9:08  Roach  
  107  9:14  Drone  
  108  9:18  Overlord  
  96  9:44  Hatchery  
  91  9:48  Drone  
  91  9:49  Drone x6, Ultralisk Cavern  
  91  9:51  Extractor  
  91  9:52  Extractor  
  95  9:54  Infestor  
  97  10:03  Infestor x2  
  97  10:06  Queen x2  
  105  10:12  Ravager x2  
  107  10:16  Zergling x4  
  107  10:18  Zergling x2  
  108  10:26  Overlord x2  
  108  10:41  Queen  
  110  10:50  Queen  
  110  10:52  Overlord  
  112  11:00  Drone  
  112  11:01  Drone x5  
  112  11:03  Hatchery  
  111  11:19  Roach x6  
Show
View Real Time Build Order
Export as new Build Order

TIME Terran - Winner!

Build Orders: Reaper Expand, MMM Bio 

Get SALT Encoding   

  12  0:00  SCV  
  13  0:12  SCV  
  14  0:18  Supply Depot  
  14  0:25  SCV  
  15  0:40  SCV  
  15  0:42  Barracks  
  16  0:44  Refinery  
  16  0:52  SCV  
  17  1:04  SCV  
  18  1:16  SCV  
  19  1:29  Orbital Command, Reaper  
  20  1:41  Command Center  
  20  1:52  Supply Depot  
  20  1:55  SCV  
  20  2:01  Marine  
  22  2:06  Factory  
  22  2:09  SCV  
  22  2:14  Refinery  
  23  2:21  SCV  
  23  2:22  Barracks Reactor  
  24  2:33  SCV  
  22  2:45  SCV  
  22  2:57  SCV  
  24  3:06  Starport, Hellion x2  
  24  3:09  SCV  
  24  3:10  Barracks Tech Lab  
  27  3:20  Orbital Command  
  27  3:21  SCV  
  27  3:28  Hellion  
  27  3:33  Hellion  
  31  3:34  SCV  
  32  3:43  Viking  
  32  3:46  SCV  
  35  3:48  SCV  
  35  3:53  Stimpack  
  36  3:58  SCV  
  36  4:01  SCV  
  38  4:04  Factory Reactor  
  38  4:06  Supply Depot  
  38  4:11  SCV  
  38  4:13  Medivac  
  41  4:17  Barracks  
  41  4:18  SCV  
  41  4:23  SCV  
  43  4:25  Barracks  
  43  4:27  Marine  
  43  4:31  SCV  
  45  4:35  Supply Depot  
  45  4:37  SCV  
  46  4:40  Engineering Bay  
  46  4:48  Factory Tech Lab  
  46  4:49  Marine  
  46  4:51  Supply Depot, SCV  
  46  4:52  Starport Reactor  
  48  4:55  SCV  
  49  5:03  SCV  
  49  5:06  Marine x2  
  49  5:07  Terran Infantry Weapons Level 1, Marine  
  52  5:08  SCV  
  53  5:15  SCV  
  53  5:20  SCV  
  54  5:24  Marine x2  
  54  5:27  SCV  
  54  5:32  SCV  
  54  5:33  Supply Depot  
  54  5:34  Marine  
  54  5:35  Marine x2  
  55  5:39  SCV  
  55  5:42  Siege Tank, Marine x2  
  61  5:44  SCV  
  62  5:55  SCV  
  62  6:03  Supply Depot  
  62  6:05  Supply Depot  
  62  6:08  Supply Depot  
  62  6:16  Combat Shield  
  62  6:17  SCV x2, Marine x5  
  69  6:25  Siege Tank, Medivac x2  
  76  6:29  SCV  
  76  6:32  SCV  
  78  6:34  Supply Depot  
  78  6:35  Marine x5  
  83  6:43  Command Center  
  83  6:49  SCV  
  83  6:52  Marine x2  
  82  6:55  Marine x3  
  82  6:57  SCV  
  86  7:04  Siege Tank  
  86  7:07  Refinery x2  
  89  7:10  Marine x2, Medivac  
  89  7:15  Marine x2  
  93  7:17  SCV  
  93  7:20  Marine  
  93  7:22  SCV  
  98  7:28  Marine x2  
  98  7:29  SCV  
  100  7:31  Barracks x2  
  100  7:33  Marine  
  99  7:41  Marine x2  
  101  7:45  SCV  
  101  7:48  Marine  
  101  7:50  Marine  
  102  7:52  SCV  
  102  7:57  Armory, SCV  
  102  7:58  Engineering Bay  
  99  7:59  Medivac  
  99  8:00  Medivac  
  99  8:04  SCV  
  91  8:06  Marine  
  91  8:07  Marine  
  91  8:08  Marine  
  91  8:10  Marine  
  91  8:11  Siege Tank, Marine  
  97  8:15  SCV  
  97  8:16  SCV  
  99  8:21  Supply Depot  
  99  8:24  Supply Depot, Marine  
  99  8:25  Marine, Barracks Reactor x2  
  100  8:28  Marine x2  
  100  8:31  Terran Infantry Armor Level 1  
  102  8:42  Marine x2  
  102  8:43  SCV x2, Medivac  
  102  8:44  Marine  
  109  8:48  Supply Depot  
  109  8:55  SCV x2  
  111  8:56  Marine x2  
  111  8:58  Siege Tank, Medivac  
  118  9:03  Marine  
  118  9:04  Marine  
  118  9:06  Marine x2  
  118  9:07  SCV  
  123  9:12  Terran Infantry Weapons Level 2  
  123  9:13  Marine  
  123  9:16  Marine x3  
  127  9:17  SCV  
  127  9:19  SCV  
  127  9:21  Unknown, Marine x2  
  127  9:22  Supply Depot, Marine  
  132  9:28  Orbital Command, Unknown  
  132  9:29  Marine  
  133  9:32  Marine  
  133  9:34  Marine  
  133  9:38  Marine  
  119  9:40  SCV x2, Marine  
  119  9:41  Marine x3  
  119  9:43  Marine  
  127  9:47  Marine  
  127  9:52  SCV  
  129  9:53  Refinery x2  
  129  9:55  SCV  
  129  9:56  Marine x2  
  129  9:57  Marine, Factory  
  129  9:58  SCV  
  134  10:02  Marine  
  134  10:04  Supply Depot, Marine  
  134  10:06  Marine  
  134  10:07  Marine  
  137  10:12  Siege Tank  
  137  10:13  Medivac  
  143  10:15  Unknown  
  143  10:16  Marine x2  
  143  10:18  Marine  
  146  10:24  Marauder, Marine  
  146  10:25  Marine  
  150  10:29  Supply Depot  
  150  10:31  Marine  
  150  10:33  Supply Depot  
  147  10:36  Marine x3  
  147  10:37  Marine x2  
  147  10:38  Medivac  
  147  10:41  Factory Tech Lab  
  147  10:42  Marine  
  153  10:43  Marine  
  153  10:45  Marine  
  155  10:50  Marine  
  155  10:53  Marine  
  155  10:54  Marine  
  158  11:00  Siege Tank  
  158  11:01  Marine  
  158  11:02  Marine  
  161  11:04  Marine  
  161  11:06  Marine x2  
  161  11:08  Marine  
  161  11:10  Marine  
  160  11:20  Marine x3  
Tags
 
Add a new tag
Caveats
  • Supply blocks, unpowered buildings, or Contaminate may cause inaccurate times.
  • Supply counts are checked every 10 seconds.